 Dungeon Crawl Stone Soup version 0.30-a0-414-gcb316572d5 (webtiles) character file.

Game seed: 17505563276750270765

39 McMuffin the Chiller (level 3, -4/24 HPs)
             Began as a Demonspawn Ice Elementalist on Dec 7, 2022.
             Splashed by a jelly's acid (9 damage)
             ... on level 4 of the Dungeon.
             The game lasted 00:08:47 (810 turns).

McMuffin the Chiller (Demonspawn Ice Elementalist)   Turns: 810, Time: 00:08:47

Health: -4/24      AC:  0    Str:  8    XL:     3   Next: 28%
Magic:  3/6        EV: 12    Int: 18    God:
Gold:   48         SH:  0    Dex: 13    Spells: 2/6 levels left

rFire   . . .      SeeInvis .    l - staff of cold
rCold   + . .      Faith    .    (no shield)
rNeg    . . .      Spirit   .    a - +0 robe
rPois   .          Reflect  .    g - +0 helmet
rElec   .          Harm     .    (no cloak)
rCorr   .          Rampage  .    (no gloves)
Will    .....                    (no boots)
Stlth   ++........               (no amulet)
HPRegen 0.24/turn                (no ring)
MPRegen 0.10/turn                (no ring)

@: corroded
A: rugged brown scales 1
a: no special abilities


You were on level 4 of the Dungeon.
You visited 1 branch of the dungeon, and saw 4 of its levels.

You collected 48 gold pieces.

Inventory:

Hand Weapons
 c - a +0 dagger
 f - a +0 spear
 i - a +0 trident
Armour
 a - a +0 robe (worn)
 e - a +0 ring mail
 g - a +0 helmet (worn)
Magical Staves
 l - a staff of cold (weapon)
Scrolls
 d - 3 scrolls of identify {unknown}
 h - a scroll of teleportation {unknown}
 n - a scroll of immolation {unknown}
Potions
 b - a potion of magic
 j - a potion of attraction {unknown}
 k - a potion of invisibility {unknown}
 m - a potion of lignification {unknown}


   Skills:
 + Level 2.1 Dodging
 + Level 1.8 Stealth
 + Level 2.3 Spellcasting
 + Level 4.3 Ice Magic


You had 2 spell levels left.
You knew the following spells:

 Your Spells              Type           Power      Damage    Failure   Level
a - Freeze                Ice            100%       1d10      3%          1
b - Ozocubu's Armour      Ice            26%        N/A       9%          3

Your spell library contained the following spells:

 Spells                   Type           Power      Damage    Failure   Level
 Frozen Ramparts          Ice            52%        1d8       9%          3
 Summon Ice Beast         Ice/Summ       14%        N/A       56%         4


Dungeon Overview and Level Annotations

Branches:
Dungeon (4/15)
 Temple: D:4-7

Altars:


Innate Abilities, Weirdness & Mutations

You are partially covered in rugged brown scales. (AC +1, +3% HP)


Message History

You feel a surge of power!
You freeze the dart slug.
The dart slug is severely wounded.
You hit the dart slug but do no damage.
The dart slug is severely wounded.
The jelly quivers.
The dart slug barely misses you.
You hit the dart slug but do no damage.
The dart slug is severely wounded.
The dart slug closely misses you.
You hit the dart slug.
You kill the dart slug!
You see here a dart slug corpse.
Aiming: Freeze (safe; 3% risk of failure)
Press: ? - help, Q - select action Shift-Dir - straight line, f - jelly
Aim: a jelly You feel a surge of power!
You freeze the jelly.
The jelly is lightly wounded.
The jelly misses you.
Aiming: Freeze (safe; 3% risk of failure)
Press: ? - help, Q - select action Shift-Dir - straight line, f/p - jelly
Aim: a jelly (lightly wounded)
You feel a surge of power!
You freeze the jelly.
The jelly is moderately wounded.
The jelly hits you but does no damage.
You hit the jelly. The acid corrodes you!
Your hands burn!
The jelly is heavily wounded.
The jelly misses you. The jelly hits you.
You are splashed with acid.
You hit the jelly but do no damage.
Your hands burn!
* * * LOW HITPOINT WARNING * * *
The jelly is heavily wounded.
The jelly closely misses you.
Aiming: Freeze (safe; 3% risk of failure)
Press: ? - help, Q - select action Shift-Dir - straight line, f/p - jelly
Aim: a jelly (heavily wounded)
You feel a surge of power!
You freeze the jelly.
The jelly is severely wounded.
The jelly hits you.
* * * LOW HITPOINT WARNING * * *
You are splashed with acid!
You die...

≈≈≈≈≈# ≈≈≈≈≈≈~
~~~≈~≈~##
~≈~~≈~..# .# ≈~~
~. .~≈~~≈≈~.. ..#
≈≈≈~≈
~~≈≈~~~~.#####..#
~ ≈≈#~
~≈≈≈≈~~.....#....
w≈ ≈#.
~[~≈≈≈..J......#
#~≈##~.
8~≈≈≈~#.@...#....
##~~≈≈≈
~≈##≈###....# #
...w≈≈≈#≈≈≈.##
#....# #≈~.≈≈##.#
#....# #.#†###..#
#....#
##.#.###.####....#
#................#
#...#######.######
#...# #.#


You could see a jelly.

Vanquished Creatures
  3 dart slugs
  An orc (D:3)
  A bat (D:1)
  2 giant cockroaches
  5 goblins
  4 hobgoblins (D:3)
  3 kobolds
  A quokka (D:3)
  5 ball pythons
  A frilled lizard (D:3)
  3 rats
29 creatures vanquished.

Notes
Turn   | Place    | Note
-------+----------+-------------------------------------------
     0 | D:1      | McMuffin the Demonspawn Ice Elementalist began the quest
                  | for the Orb.
     0 | D:1      | Reached XP level 1. HP: 13/13 MP: 3/3
   224 | D:2      | Found a faded altar of an unknown god.
   234 | D:2      | Gained mutation: You are partially covered in rugged brown
                  | scales. (AC +1, +3% HP) [demonic ancestry]
   234 | D:2      | Reached XP level 2. HP: 10/19 MP: 0/5
   363 | D:3      | Reached skill level 4 in Ice Magic
   535 | D:3      | Reached XP level 3. HP: 24/24 MP: 3/6
   541 | D:3      | Learned a level 3 spell: Ozocubu's Armour
   810 | D:4      | Splashed by a jelly's acid

Illustrated notes

Levels and vault maps discovered:
D:1:      beargit_arrival_diablo_church, layout_loops_ring, minmay_bisected
D:2:      layout_basic, ebering_ecumenical_altar_webs, nrook_mini_vaults,
          uniq_terence, uniq_crazy_yiuf_cottage
D:3:      layout_rooms, chequers_garden
D:4:      kennysheep_slugbush, layout_basic, uniq_natasha

Skill      XL: |  1  2 |
---------------+-------+-----
Dodging        | 2 |  2.1
Ice Magic      | 4 |  4.3
Stealth        | |  1.8
Spellcasting   | |  2.3

Action                   || total
-------------------------++-------
Melee: Spear             ||    11
       Staff             ||    24
       Punch             ||     1
 Cast: Freeze            ||    36
Armor: Robe              ||    10
       Ring mail         ||    13
Dodge: Dodged            ||    39

Table legend: (Time is in decaauts)
 A = Elapsed time spent in this place.
 B = Non-inter-level travel time spent in this place.
 C = Inter-level travel time spent in this place.
 D = Time resting spent in this place.
 E = Time spent auto-exploring this place.
 F = Levels seen in this place.
 G = Mean time per level.
                   A        B        C        D        E       F      G
               +--------+--------+--------+--------+--------+-----+--------+
         Total |    813 |    813 |      0 |     53 |      0 |   4 |  203.2 |
       Dungeon |    813 |    813 |      0 |     53 |      0 |   4 |  203.2 |
               +--------+--------+--------+--------+--------+-----+--------+

Top non-repeatable levels by time:
     D:3: 381 daAuts
     D:1: 207 daAuts
     D:2: 150 daAuts
     D:4: 74 daAuts
